 Dungeon Crawl Stone Soup version 0.30.0-5-g1a98f26d00 (webtiles) character file.

Game seed: 18236928676105202954

46 Majang the Covert (level 3, 0/35 HPs)
             Began as a Gnoll Delver on May 8, 2023.
             Was an Initiate of Cheibriados.
             Slain by an orc priest
             ... wielding a +0 hand axe
              (5 damage)
             ... on level 3 of the Dungeon.
             The game lasted 00:03:33 (379 turns).

Majang the Covert (Gnoll Delver)                     Turns: 379, Time: 00:03:34

Health: 0/35       AC:  3    Str: 12    XL:     3   Next: 68%
Magic:  4/4        EV: 13    Int: 10    God:    Cheibriados [......]
Gold:   16         SH:  0    Dex: 16    Spells: 4/4 levels left

rFire   . . .        a - +0 short sword
rCold   . . .        (no shield)
rNeg    . . .        b - +0 leather armour
rPois   .            (no helmet)
rElec   .            (no cloak)
rCorr   .            (no gloves)
SInv    .            (no boots)
Will    .....        (no amulet)
Stlth   ++           (no ring)
HPRegen 0.25/turn    (no ring)
MPRegen 0.09/turn

%: no passive effects
@: confused, very slow
A: fangs 1, strong nose, distributed training
a: Renounce Religion


You were on level 3 of the Dungeon.
You worshipped Cheibriados.
Cheibriados was noncommittal.
You visited 2 branches of the dungeon, and saw 4 of its levels.

You collected 16 gold pieces.

Inventory:

Hand Weapons
 a - a +0 short sword (weapon)
Armour
 b - a +0 leather armour (worn)
Wands
 g - a wand of digging (3)
Scrolls
 c - 2 scrolls of fog
 d - a scroll of magic mapping
Potions
 f - a potion of haste


   Skills:
 + Level 6.5 Fighting
 + Level 4.6 Short Blades
 + Level 1.0 Long Blades
 + Level 1.0 Axes
 + Level 1.0 Maces & Flails
 + Level 1.0 Polearms
 + Level 1.0 Staves
 + Level 1.0 Ranged Weapons
 + Level 1.0 Throwing
 + Level 1.0 Armour
 + Level 4.6 Dodging
 + Level 9.6 Stealth
 + Level 1.0 Shields
 + Level 1.0 Unarmed Combat
 + Level 1.0 Spellcasting
 + Level 0.7 Conjurations
 + Level 0.7 Hexes
 + Level 0.7 Summonings
 + Level 0.7 Necromancy
 + Level 0.7 Translocations
 + Level 0.7 Transmutations
 + Level 0.7 Fire Magic
 + Level 0.7 Ice Magic
 + Level 0.7 Air Magic
 + Level 0.7 Earth Magic
 + Level 0.7 Poison Magic
 + Level 1.0 Invocations
 + Level 1.0 Evocations


You had 4 spell levels left.
You didn't know any spells.
Your spell library was empty.

Dungeon Overview and Level Annotations

Branches:
Dungeon (5/15)             Temple (1/1) D:5

Altars:
Ashenzari
Cheibriados
Makhleb
Nemelex Xobeh
Vehumet
Wu Jian

Shops:
D:3 [


Innate Abilities, Weirdness & Mutations

You have very sharp teeth.
Your uncanny sense of smell can sniff out nearby items.
Your experience applies equally to all skills.


Message History

You hit the orc priest.
You bite the orc priest, but do no damage.
The orc priest is lightly wounded.
The orc priest calls down the wrath of Beogh upon you.
Beogh smites you!
The orc wizard gestures at you while chanting.
You are confused.
The orc wizard gestures wildly while chanting.
The orc wizard flickers and vanishes!
Deactivating autopickup; reactivate with Ctrl-A.
The orc priest mumbles some strange prayers to Beogh against you.
You barely resist.
Unknown command.
You are too confused!
Okay, then.
You bump into the rock wall.
You hit the orc priest but do no damage.
The orc priest is lightly wounded.
The orc priest begins to cast a cantrip, but forgets the words!
Something hits you but does no damage.
You barely miss something. Your punch misses something.
The orc priest barely misses you. Something barely misses you.
You closely miss something. You closely miss the orc priest.
You bite the orc priest, but do no damage.
The orc priest is lightly wounded.
The orc priest misses you.
You hear some strange, mumbled words.
You are more confused.
You bump into the rock wall.
Something hits you.
The orc priest invokes the aid of Beogh against you.
Pain shoots through your body!
* * * LOW HITPOINT WARNING * * *
The orc priest hits you with a +0 hand axe.
* * * LOW HITPOINT WARNING * * *
Something hits you.
* * * LOW HITPOINT WARNING * * *
Something barely misses you.
The orc priest hits you with a +0 hand axe.
You die...

#########
#.......# #.
#.#####.#
##...#.@{..#.#
........o...>#
...#.#####...#
. #. #...# #
#..## .♣.#
♣.∩.♣ ..♣# ##


You could see an orc priest.

Vanquished Creatures
  An iguana (D:5)
  An adder (D:5)
  An ufetubus (D:5)
  2 orcs
  A rat (D:3)
6 creatures vanquished.

Notes
Turn   | Place    | Note
-------+----------+-------------------------------------------
     0 | D:5      | Reached skill level 9 in Stealth
     0 | D:5      | Majang the Gnoll Delver began the quest for the Orb.
     0 | D:5      | Reached XP level 1. HP: 23/23 MP: 1/1
    53 | D:5      | Noticed an iguana
    57 | D:5      | Killed an iguana
    58 | D:5      | Reached XP level 2. HP: 29/29 MP: 2/2
    58 | D:5      | Reached XP level 3. HP: 35/35 MP: 3/3
    67 | D:5      | Found a staircase to the Ecumenical Temple.
    74 | D:5      | Noticed a scorpion
    76 | Temple   | Entered the Ecumenical Temple
   160 | Temple   | Became a worshipper of Cheibriados the Contemplative
   190 | D:5      | Reached skill level 1 in Invocations
   358 | D:3      | Found Xicig's Antique Armour Shop.
   369 | D:3      | Reached skill level 1 in Long Blades
   369 | D:3      | Reached skill level 1 in Axes
   369 | D:3      | Reached skill level 1 in Maces & Flails
   369 | D:3      | Reached skill level 1 in Polearms
   369 | D:3      | Reached skill level 1 in Staves
   369 | D:3      | Reached skill level 1 in Ranged Weapons
   369 | D:3      | Reached skill level 1 in Throwing
   369 | D:3      | Reached skill level 1 in Armour
   369 | D:3      | Reached skill level 1 in Shields
   369 | D:3      | Reached skill level 1 in Unarmed Combat
   369 | D:3      | Reached skill level 1 in Spellcasting
   369 | D:3      | Reached skill level 1 in Evocations
   379 | D:3      | Slain by an orc priest

Illustrated notes

Levels and vault maps discovered:
D:3:      layout_basic, general_overflow_altar, serial_shops, shop, shop,
          nicolae_shop_trees, shop, hellmonk_ecumenical_altar_crossroads,
          serial_co_window_serial, co_window_corner_a,
          co_window_of_opportunity_a, co_window_paths_a,
          co_window_of_opportunity_a, co_window_paths_a,
          co_window_of_opportunity_c, co_window_broadway_a,
          co_window_broadway_a, co_window_of_opportunity_b, co_window_cross_3,
          minmay_statues_item, serial_bayou_lagoon_a, nicolae_grassy_gnolls
D:4:      layout_cave_pools, nicolae_gozag_seed_capital, item_on_display_a
D:5:      layout_cave_pods, elyvilon_altar_4,
          nicolae_uskayaw_murder_on_the_dancefloor,
          minmay_temple_entry_water_ring
Temple:   nicolae_temple_superstar

Skill      XL: |  1  2  3 |
---------------+----------+-----
Stealth        | |  9.6
Invocations    | 1 |  1.0
Long Blades    | 1 |  1.0
Axes           | 1 |  1.0
Maces & Flails | 1 |  1.0
Polearms       | 1 |  1.0
Staves         | 1 |  1.0
Ranged Weapons | 1 |  1.0
Throwing       | 1 |  1.0
Armour         | 1 |  1.0
Shields        | 1 |  1.0
Unarmed Combat | 1 |  1.0
Spellcasting   | 1 |  1.0
Evocations     | 1 |  1.0
Fighting       | |  6.5
Short Blades   | |  4.6
Dodging        | |  4.6
Conjurations   | |  0.7
Hexes          | |  0.7
Summonings     | |  0.7
Necromancy     | |  0.7
Translocations | |  0.7
Transmutations | |  0.7
Fire Magic     | |  0.7
Ice Magic      | |  0.7
Air Magic      | |  0.7
Earth Magic    | |  0.7
Poison Magic   | |  0.7

Action                     || total
---------------------------++-------
  Melee: Short sword       ||    34
         Bite              ||     2
    Use: Scroll            ||     1
   Stab: Sleeping          ||     3
 Armour: Leather armour    ||     5
  Dodge: Dodged            ||    36
